cohdb
Replays
Latest Replays
All Replays
Popular Replays
Top Player Replays
Match Explorer
How It Works
Community
CoH3 Stats
Reddit
Sign in to upload your games and track your stats! →
Sign in with Steam
Match 22798462
Unlisted
Match 22798462
Overview
Messages
Build Orders
End
Panzergrenadier Squad
Selects Battlefield Espionage Battlegroup
Panzergrenadier Squad
Construct Light Support Kompanie
MG34 Team
Selects Intel Disruption Beacon
Fire Support Elements
Combat Half-tracks
le.IG 18 Mechanized Group
2.5-tonne Medical Truck
Panzergrenadier Squad
Panzergrenadier Squad
Selects 250/3 Funkpanzerwagen
Construct Panzerarmee Kommand
Flak 36 Anti-tank Gun Team
Selects Advanced Ambush Training
Assault Mechanized Group
Selects Plunder
Selects Disruption Operation
Panzergrenadier Squad
Panzergrenadier Squad
Panzergrenadier Squad
Veteran Squad Leaders
Walking Stuka Rocket Launcher
Disruption Operation
Pak 38 Mechanized Group
Selects Operation Skorpion
Disruption Operation
Panzergrenadier Squad
wakaman500
SimpleSOB
Isencore
Ripsy
AaJanky
pwnda
I'm
ninja_death_infinite
0
0
Comments
sign in to comment!
No comments posted yet!